Map: Acropolis LE

Players

PengWin

  • Race: Zerg Zerg
  • Spawn Location: 5:00

Erik - Winner!

  • Race: Zerg Zerg
  • Spawn Location: 11:00

Event: 2019 WCS Summer

VOD

Have the link to the VOD?

Description

Time

  • Played on: July 12, 2019, 9:37 a.m.
  • Length: 4:45

All games in this series

Show
View Real Time Build Order
Export as new Build Order

PengWin Zerg 

Build Orders: Hatch First 

Get SALT Encoding   

  12  0:01  Drone  
  13  0:12  Overlord  
  13  0:16  Drone  
  14  0:31  Drone x2  
  14  0:34  Drone  
  17  0:52  Hatchery  
  17  0:53  Drone  
  17  0:56  Drone  
  18  0:59  Extractor  
  17  1:12  Spawning Pool  
  17  1:15  Drone  
  17  1:18  Drone  
  18  1:28  Drone  
  19  1:38  Overlord  
  19  1:49  Drone  
  19  1:51  Evolution Chamber  
  19  1:59  Queen  
  19  2:00  Zergling x2  
  22  2:03  Queen  
  22  2:06  Drone  
  25  2:10  Drone  
  25  2:14  Drone  
  27  2:22  Zerg Ground Armor Level 1  
  28  2:30  Zergling x4  
  27  2:45  Queen  
  27  2:46  Drone  
  27  2:47  Drone  
  28  2:55  Metabolic Boost  
  28  3:02  Spine Crawler  
  27  3:07  Zergling x6  
  30  3:13  Zergling x4  
  30  3:18  Zergling x4  
  34  3:23  Spine Crawler  
  33  3:28  Overlord  
  33  3:35  Zergling x4  
  31  3:42  Queen  
  33  3:49  Drone x2  
  35  4:09  Drone  
  40  4:10  Drone x7  
  24  4:30  Drone x2  
Show
View Real Time Build Order
Export as new Build Order

Erik Zerg - Winner!

Build Orders: Pool First 

Get SALT Encoding   

  12  0:00  Drone  
  13  0:08  Drone  
  14  0:15  Drone, Extractor  
  15  0:21  Overlord  
  15  0:36  Spawning Pool  
  15  0:40  Drone  
  15  0:44  Drone  
  15  0:47  Drone  
  17  0:50  Extractor  
  17  0:54  Drone  
  17  1:14  Hatchery  
  16  1:23  Zergling x4  
  18  1:27  Zergling x2  
  19  1:36  Queen  
  21  1:49  Metabolic Boost  
  21  1:51  Overlord  
  21  1:56  Drone  
  22  2:09  Drone  
  22  2:10  Drone  
  22  2:12  Queen  
  26  2:21  Drone  
  27  2:32  Drone  
  28  2:39  Zergling x4  
  30  2:46  Zergling x8  
  32  2:52  Baneling Nest  
  32  2:55  Zergling x2  
  33  2:58  Zergling x4  
  34  3:06  Overlord  
  34  3:10  Zergling x2  
  35  3:21  Zergling x2  
  35  3:26  Zergling x12  
  41  3:35  Zergling x4  
  41  3:41  Baneling  
  41  3:42  Baneling  
  41  3:43  Baneling x4  
  41  3:45  Baneling  
  41  3:48  Drone  
  42  3:49  Zergling x2  
  42  3:53  Overlord  
  43  4:14  Zergling x8  
  46  4:22  Zergling x4  
  46  4:23  Zergling x10  
Tags
 
Add a new tag
Caveats
  • Supply blocks, unpowered buildings, or Contaminate may cause inaccurate times.
  • Supply counts are checked every 10 seconds.